 Dungeon Crawl Stone Soup version 0.25.1-8-g42b30a86e7 (webtiles) character file.

Game seed: 3818765741625734777

249 Froggeryz the Cutter (level 6, -2/40 HPs)
             Began as a Kobold Assassin on Dec 24, 2020.
             Killed by divine providence
             ... invoked by an orc priest
              (11 damage)
             ... on level 3 of the Dungeon.
             The game lasted 00:03:26 (2164 turns).

Froggeryz the Cutter (Kobold Assassin)              Turns: 2164, Time: 00:03:26

Health: -2/40      AC:  4    Str: 11    XL:     6   Next: 35%
Magic:  15/15      EV: 14    Int: 12    God:
Gold:   216        SH:  0    Dex: 16    Spells: 5/5 levels left

rFire    + . .     SeeInvis .   o - +4 dagger
rCold    . . .     Gourm    .   (shield restricted)
rNeg     . . .     Faith    .   b - +0 robe
rPois    .         Spirit   .   n - +0 hat
rElec    .         Reflect  .   c - +0 cloak
rCorr    .         Harm     .   i - +0 pair of gloves
MR       .....                  (no boots)
Stlth    +++.......             (no amulet)
HPRegen  0.13/turn              a - ring of magical power
MPRegen  0.14/turn              u - ring of protection from fire

@: lethally poisoned (-2 -> -4)
A: small, carnivore
a: no special abilities


You were on level 3 of the Dungeon.
You were completely stuffed.

You visited 1 branch of the dungeon, and saw 4 of its levels.

You collected 216 gold pieces.

Inventory:

Hand Weapons
 o - a +4 dagger (weapon)
Missiles
 d - 18 poisoned darts (quivered)
 e - 2 curare-tipped darts
Armour
 b - a +0 robe (worn)
 c - a +0 cloak (worn)
 i - a +0 pair of gloves (worn)
 n - a +0 hat (worn)
Jewellery
 a - a ring of magical power (left hand)
 u - a ring of protection from fire (right hand)
Scrolls
 g - 2 scrolls of enchant armour {unknown}
 h - 2 scrolls of remove curse {unknown}
 j - 3 scrolls of fog {unknown}
 k - 3 scrolls of teleportation {unknown}
 l - 2 scrolls of identify {unknown}
 q - a scroll of immolation {unknown}
 s - a scroll of blinking {unknown}
Potions
 p - 4 potions of degeneration {unknown}
 r - 2 potions of invisibility {unknown}
 t - 2 potions of brilliance {unknown}
 v - a potion of magic {unknown}
 w - a potion of might {unknown}
Comestibles
 f - 5 rations


   Skills:
 - Level 5.0 Fighting
 - Level 5.5 Short Blades
 - Level 2.1 Throwing
 + Level 1.1 Armour
 - Level 1.2 Dodging
 - Level 5.3 Stealth


You had 5 spell levels left.
You didn't know any spells.
Your spell library was empty.

Dungeon Overview and Level Annotations

Branches:
Dungeon (4/15)
 Temple: D:4-7

Altars:


Innate Abilities, Weirdness & Mutations

You are small and have problems with some larger weapons.
You are carnivorous and can eat meat at any time.


Message History

You miss the adder.
The adder is severely wounded.
The adder misses you.
You barely miss the adder.
The adder is severely wounded.
An orc priest comes into view.
The orc priest calls down the wrath of Beogh upon you.
Beogh smites you! The adder bites you.
* * * LOW HITPOINT WARNING * * *
You are poisoned.
The adder poisons you!
You feel sick.
The orc priest looks encouraged for a moment.
You feel sick.
The orc priest looks encouraged for a moment.
The adder bites you.
* * * LOW HITPOINT WARNING * * *
The orc priest mumbles some strange prayers to Beogh against you.
Beogh smites you!
You die...

### ### ## #.#########.######.
###############...........##.o.o.
...............<@.S...oo#.##.###.
#######################.#.##.# #)
##### ........#.o..# #o ....#
##+###..###### #( ....# #... ..
....# #..# ## ....+ #.>. ....#
#..# ....# #...


You could see 2 orc priests and an adder.

Vanquished Creatures
  An ogre (D:4)
  An orc priest (D:2)
  A worker ant (D:3)
  3 adders (D:2)
  A shadow imp (D:2)
  2 oozes
  A worm (D:2)
  A dart slug (D:1)
  A leopard gecko (D:4)
  3 orcs (D:3)
  6 bats
  2 giant cockroaches
  8 hobgoblins
  9 kobolds
  3 ball pythons
  10 frilled lizards
  6 goblins
  5 rats
64 creatures vanquished.

Notes
Turn   | Place    | Note
-------+----------+-------------------------------------------
     0 | D:1      | Froggeryz the Kobold Assassin began the quest for the Orb.
     0 | D:1      | Reached XP level 1. HP: 12/12 MP: 1/1
   106 | D:1      | Reached XP level 2. HP: 18/18 MP: 2/2
   434 | D:1      | Reached XP level 3. HP: 22/22 MP: 3/3
   685 | D:2      | You fall into a shaft and drop 2 floors!
   687 | D:4      | Noticed an ogre
   698 | D:4      | Killed an ogre
   698 | D:4      | Reached skill level 5 in Short Blades
   698 | D:4      | Reached XP level 4. HP: 28/28 MP: 4/4
   698 | D:4      | Reached XP level 5. HP: 32/32 MP: 5/5
  1425 | D:2      | Reached XP level 6. HP: 30/39 MP: 6/6
  1716 | D:2      | Reached skill level 5 in Fighting
  2032 | D:2      | Reached skill level 1 in Armour
  2164 | D:3      | Killed from afar by an orc priest

Illustrated notes

Levels and vault maps discovered:
D:1:      dpeg_arrival_shrine, layout_basic
D:2:      layout_basic, minmay_quantized
D:3:      layout_basic, lemuel_doored_altar, first_ration, dk_noncrumbling_4,
          kennysheep_generic_room_14
D:4:      layout_gridville, minmay_temple_entry_nine_rooms

Skill      XL: |  1  2  3  4  5  6 |
---------------+-------------------+-----
Short Blades   | 3 5 |  5.5
Fighting       | 3 4 5 |  5.0
Armour         | 1 |  1.1
Throwing       | |  2.1
Dodging        | |  1.2
Stealth        | |  5.3

Action                   |  1- 3 |  4- 6 || total
-------------------------+-------+-------++-------
Melee: Dagger            |    48 |   131 ||   179
Throw: Dart              |     1 |     6 ||     7
 Stab: Sleeping          |     9 |     9 ||    18
  Eat: Chunk             |     8 |     4 ||    12
Armor: Robe              |     5 |    14 ||    19
Dodge: Dodged            |    25 |    60 ||    85
